[Event "January 9 Late 2024"]
[Site "https://www.chess.com"]
[Date "2024.01.09"]
[Round "7"]
[White "Dominguez Perez, Leinier"]
[Black "Fedoseev, Vladimir"]
[Result "1/2-1/2"]
[Board "5"]
[TimeControl "180+1"]
[WhiteFideId "3503240"]
[BlackFideId "24130737"]
[WhiteElo "3008"]
[BlackElo "3051"]
[WhiteTeam "USA"]
[BlackTeam "SLO"]
[WhiteClock "0:00:03"]
[BlackClock "0:00:04"]

1. e4 e5 2. Nf3 Nc6 3. Bb5 Nf6 4. O-O Nxe4 5. d4 Nd6 6. Bxc6 dxc6 7. dxe5 Nf5 8. Qxd8+ Kxd8 9. h3 h6 10. Rd1+ Ke8 11. Nc3 Ne7 12. a4 Bf5 13. Nd4 Bh7 14. e6 Nd5 15. Nxd5 cxd5 16. Nb5 Rc8 17. exf7+ Kxf7 18. Bf4 c6 19. Nd4 c5 20. Nf3 Be4 21. Ne5+ Ke6 22. f3 Bxc2 23. Rd2 Bb3 24. Re1 Kf6 25. h4 d4 26. h5 Bxa4 27. Ng4+ Kf7 28. Ne5+ Kg8 29. Ng6 Be8 30. Rde2 Bf7 31. g4 b5 32. Kg2 d3 33. Re4 c4 34. Ra1 Bc5 35. Be3 Bxg6 36. hxg6 Bxe3 37. Rxe3 h5 38. g5 h4 39. Rae1 Rf8 40. Kh3 d2 41. Rd1 Rh5 42. Kg4 Rh8 43. Kh3 Rh5 44. Kg4 Rh8 45. Kh3 1/2-1/2

[Event "January 9 Late 2024"]
[Site "https://www.chess.com"]
[Date "2024.01.09"]
[Round "7"]
[White "Salem, A.R. Saleh"]
[Black "Nakamura, Hikaru"]
[Result "0-1"]
[Board "6"]
[TimeControl "180+1"]
[WhiteFideId "9301348"]
[BlackFideId "2016192"]
[WhiteElo "2971"]
[BlackElo "3200"]
[WhiteTeam "UAE"]
[BlackTeam "USA"]
[WhiteClock "0:00:00"]
[BlackClock "0:00:39"]

1. d4 d5 2. c4 c6 3. Nc3 Nf6 4. Nf3 e6 5. g3 b6 6. Bg2 Nbd7 7. O-O Bb7 8. Qd3 dxc4 9. Qxc4 b5 10. Qb3 a6 11. Ne5 Qc8 12. Rd1 Nxe5 13. dxe5 Nd7 14. Ne4 c5 15. Bf4 Be7 16. Nd6+ Bxd6 17. Rxd6 Bxg2 18. Kxg2 O-O 19. Rad1 c4 20. Qf3 Ra7 21. h4 Rc7 22. h5 h6 23. Kh2 b4 24. Qe4 a5 25. Qd4 c3 26. bxc3 bxc3 27. Rxd7 c2 28. Rxc7 cxd1=Q 29. Qxd1 Qxc7 30. Qd2 Rd8 31. Qb2 Qc4 32. Be3 Qe4 33. Qb3 Qxe5 0-1

[Event "January 9 Late 2024"]
[Site "https://www.chess.com"]
[Date "2024.01.09"]
[Round "7"]
[White "Kollars, Dmitrij"]
[Black "Sevian, Samuel"]
[Result "0-1"]
[Board "7"]
[TimeControl "180+1"]
[WhiteFideId "12909572"]
[BlackFideId "2040506"]
[WhiteElo "2970"]
[BlackElo "3143"]
[WhiteTeam "GER"]
[BlackTeam "USA"]
[WhiteClock "0:00:00"]
[BlackClock "0:00:17"]

1. e4 e5 2. Nf3 Nc6 3. Bb5 a6 4. Ba4 Nf6 5. Nc3 Bc5 6. O-O O-O 7. h3 h6 8. d3 d6 9. a3 Nd4 10. Nxd4 Bxd4 11. Ne2 Ba7 12. Ng3 Be6 13. c3 d5 14. Qf3 b5 15. Bc2 Re8 16. a4 c6 17. Nf5 Bxf5 18. Qxf5 b4 19. a5 Rb8 20. Ba4 Qd6 21. Rd1 b3 22. Qf3 d4 23. Bd2 Nd7 24. Rdc1 Rec8 25. Ra3 Nc5 26. cxd4 Qxd4 27. Bc3 Qd6 28. Rd1 Rd8 29. d4 Nxa4 30. Rxa4 exd4 31. Bd2 Rb5 32. Rc4 c5 33. Qd3 Re8 34. Re1 Bb8 35. g3 Bc7 36. Kg2 Qe7 37. e5 Bxa5 38. Bxa5 Qb7+ 39. Kh2 Rxa5 40. f4 Ra2 41. Re2 a5 42. Rxc5 a4 43. Rb5 Qa6 44. Qc4 Rc8 45. Qb4 d3 46. Rd2 a3 47. Qxb3 Rxb2 48. Rxb2 axb2 49. Qxd3 Qa2 0-1

[Event "January 9 Late 2024"]
[Site "https://www.chess.com"]
[Date "2024.01.09"]
[Round "7"]
[White "Bortnyk, Olexandr"]
[Black "Bok, Benjamin"]
[Result "1-0"]
[Board "8"]
[TimeControl "180+1"]
[WhiteFideId "14120828"]
[BlackFideId "1017063"]
[WhiteElo "3111"]
[BlackElo "2941"]
[WhiteTeam "UKR"]
[BlackTeam "NED"]
[WhiteClock "0:00:29"]
[BlackClock "0:00:01"]

1. e4 c5 2. b4 cxb4 3. a3 d5 4. exd5 Qxd5 5. Nf3 e6 6. Bb2 Nf6 7. Bd3 Nc6 8. O-O bxa3 9. Nxa3 Be7 10. Nb5 Qd8 11. Ne5 O-O 12. Qf3 Bd7 13. Nxd7 Qxd7 14. Qh3 h6 15. Ra4 a6 16. Rg4 Nxg4 17. Qxg4 Bg5 18. h4 axb5 19. hxg5 Ra2 20. Bxg7 Kxg7 21. gxh6+ Kxh6 22. Qh4+ Kg7 23. Qg5+ Kh8 24. Qh6+ 1-0

[Event "January 9 Late 2024"]
[Site "https://www.chess.com"]
[Date "2024.01.09"]
[Round "7"]
[White "Tabatabaei, M. Amin"]
[Black "Aravindh, Chithambaram VR."]
[Result "1-0"]
[Board "9"]
[TimeControl "180+1"]
[WhiteFideId "12521213"]
[BlackFideId "5072786"]
[WhiteElo "3094"]
[BlackElo "2937"]
[WhiteTeam "IRI"]
[BlackTeam "IND"]
[WhiteClock "0:01:13"]
[BlackClock "0:00:19"]

1. c4 Nf6 2. Nc3 c5 3. g3 Nc6 4. Bg2 e5 5. d3 Be7 6. Bg5 O-O 7. Nf3 d6 8. O-O Be6 9. Nd2 Nd7 10. Bxe7 Qxe7 11. Nd5 Qd8 12. a3 a5 13. Rb1 h6 14. Ne4 Nb6 15. Nxb6 Qxb6 16. Nxd6 Nd4 17. Ne4 Rad8 18. Nc3 Bg4 19. h3 Bh5 20. g4 Bg6 21. Nd5 Qd6 22. b4 cxb4 23. axb4 a4 24. e3 Ne6 25. Ra1 b5 26. cxb5 Nc7 27. Nxc7 Qxc7 28. Qxa4 Bxd3 29. Rfc1 Qb8 30. Rc5 e4 31. Qa7 Qd6 32. b6 Rb8 33. b7 Qe7 34. Qxb8 Rxb8 35. Rc8+ Kh7 36. Rxb8 Kg6 37. Ra7 Qxb4 38. Rc8 1-0

[Event "January 9 Late 2024"]
[Site "https://www.chess.com"]
[Date "2024.01.09"]
[Round "7"]
[White "Bluebaum, Matthias"]
[Black "Matlakov, Maxim"]
[Result "1-0"]
[Board "10"]
[TimeControl "180+1"]
[WhiteFideId "24651516"]
[BlackFideId "4168003"]
[WhiteElo "3078"]
[BlackElo "2934"]
[WhiteTeam "GER"]
[BlackTeam "RUS"]
[WhiteClock "0:01:43"]
[BlackClock "0:01:07"]

1. d4 Nf6 2. c4 e6 3. Nc3 d5 4. cxd5 exd5 5. Bg5 c6 6. e3 Bd6 7. Bd3 O-O 8. Nf3 Re8 9. Qc2 h6 10. Bh4 Be6 11. O-O Nbd7 12. Rab1 a5 13. a3 Bg4 14. Bg3 Bxg3 15. hxg3 Qe7 16. b4 axb4 17. axb4 g6 18. b5 Kg7 19. bxc6 bxc6 20. Ne2 Rec8 21. Rb7 Qd6 22. Nf4 Bxf3 23. gxf3 c5 24. Bxg6 cxd4 25. Qf5 dxe3 26. Nh5+ Nxh5 27. Qxf7+ 1-0

[Event "January 9 Late 2024"]
[Site "https://www.chess.com"]
[Date "2024.01.09"]
[Round "7"]
[White "Sarana, Alexey"]
[Black "Zhigalko, Sergei"]
[Result "0-1"]
[Board "11"]
[TimeControl "180+1"]
[WhiteFideId "24133795"]
[BlackFideId "13502956"]
[WhiteElo "3050"]
[BlackElo "2932"]
[WhiteTeam "SRB"]
[BlackTeam "BLR"]
[WhiteClock "0:00:02"]
[BlackClock "0:00:07"]

1. d4 Nf6 2. c4 e6 3. Nc3 Bb4 4. e3 O-O 5. Bd3 d5 6. Nf3 b6 7. O-O Bb7 8. cxd5 exd5 9. Ne5 Bd6 10. Bd2 c5 11. f4 Nc6 12. Ne2 Ne4 13. Be1 Ne7 14. Ng3 Rc8 15. Rc1 cxd4 16. Rxc8 Qxc8 17. exd4 Ba6 18. a3 Bxd3 19. Qxd3 Nxg3 20. hxg3 f6 21. Nf3 Re8 22. Bb4 Bxb4 23. axb4 Nf5 24. Kh2 Re3 25. Qb5 Qc4 26. Qxc4 dxc4 27. Ra1 Re7 28. Rc1 Ne3 29. b5 h5 30. Kh3 Kf7 31. Rc3 Kg6 32. Nh4+ Kf7 33. b3 cxb3 34. Rxb3 Ng4 35. Rb1 Re2 36. Nf3 Rf2 37. Ra1 Kg6 38. Nh4+ Kh7 39. Nf5 Kg6 40. Ne7+ Kh7 41. d5 Rd2 42. Re1 Kh6 43. Nf5+ Kg6 44. Nh4+ Kh7 45. d6 Rxd6 46. Ra1 Rd5 47. Nf3 Rxb5 48. Kh4 Kh6 49. Nd4 Rc5 50. Ne6 Rd5 51. Nc7 Rd2 52. Kh3 a5 53. Rb1 Nf2+ 54. Kh4 Rd1 55. Rxd1 Nxd1 56. g4 hxg4 57. Nb5 Ne3 58. Kg3 Kh5 59. Kf2 Nf5 60. g3 a4 61. Na3 Kg6 62. Kg2 Kf7 63. Kf2 Ke7 64. Nb5 Kd7 0-1

[Event "January 9 Late 2024"]
[Site "https://www.chess.com"]
[Date "2024.01.09"]
[Round "7"]
[White "Liascovich, Lucas"]
[Black "Iturrizaga Bonelli, Eduardo"]
[Result "0-1"]
[Board "12"]
[TimeControl "180+1"]
[WhiteFideId "108634"]
[BlackFideId "3901211"]
[WhiteElo "2927"]
[BlackElo "3037"]
[WhiteTeam "ARG"]
[BlackTeam "ESP"]
[WhiteClock "0:00:57"]
[BlackClock "0:00:29"]

1. e4 c5 2. Nc3 e6 3. d4 cxd4 4. Qxd4 Nc6 5. Qd3 a6 6. Bf4 b5 7. O-O-O Bb7 8. Qg3 Rc8 9. Kb1 Nf6 10. Be2 b4 11. Na4 Qa5 12. e5 Ne4 13. Qe3 Nxe5 14. Bxe5 Qxa4 15. b3 Qa5 16. Nf3 Nc3+ 17. Bxc3 bxc3 18. Qd4 d5 19. a4 Qb4 20. Qxb4 Bxb4 21. Rhe1 O-O 22. Bd3 Bd6 23. g3 Rfe8 24. Ne5 f6 25. Ng4 Kf7 26. f4 h5 27. Ne3 g6 28. h4 Bc5 29. Bf1 Rcd8 30. Bh3 Bc6 31. Bf1 Rb8 32. Ka2 Bxa4 33. Nxd5 exd5 34. bxa4 Rxe1 35. Rxe1 Rb2+ 36. Ka1 Rxc2 37. Bxa6 Rd2 38. a5 c2 39. Rc1 Ba3 0-1

[Event "January 9 Late 2024"]
[Site "https://www.chess.com"]
[Date "2024.01.09"]
[Round "7"]
[White "Gledura, Benjamin"]
[Black "Theodorou, Nikolas"]
[Result "0-1"]
[Board "13"]
[TimeControl "180+1"]
[WhiteFideId "712779"]
[BlackFideId "4262875"]
[WhiteElo "2901"]
[BlackElo "3034"]
[WhiteTeam "HUN"]
[BlackTeam "GRE"]
[WhiteClock "0:00:03"]
[BlackClock "0:01:04"]

1. d4 b6 2. e4 Bb7 3. Bd3 d6 4. Nf3 Nd7 5. O-O e5 6. c3 Ngf6 7. Re1 g6 8. Nbd2 Bg7 9. Nf1 O-O 10. Ng3 Re8 11. h3 d5 12. Bg5 h6 13. Bxf6 Qxf6 14. Qa4 Bc6 15. Qc2 Rad8 16. exd5 Bxd5 17. Be4 c6 18. Bxd5 cxd5 19. dxe5 Nxe5 20. Nxe5 Rxe5 21. Rxe5 Qxe5 22. Ne2 Qe4 23. Qd2 Qc4 24. a3 a5 25. Rd1 a4 26. Qd3 Re8 27. Kf1 Qa2 28. Qb5 Re6 29. Nf4 Rd6 30. Nxd5 Kh7 31. g3 h5 32. h4 Rd8 33. Kg2 Rd6 34. Qe8 Qb3 0-1

[Event "January 9 Late 2024"]
[Site "https://www.chess.com"]
[Date "2024.01.09"]
[Round "7"]
[White "Martinez Alcantara, Jose Eduardo"]
[Black "Melkumyan, Hrant"]
[Result "1-0"]
[Board "14"]
[TimeControl "180+1"]
[WhiteFideId "3805662"]
[BlackFideId "13302485"]
[WhiteElo "3009"]
[BlackElo "2898"]
[WhiteTeam "PER"]
[BlackTeam "ARM"]
[WhiteClock "0:00:05"]
[BlackClock "0:00:00"]

1. e4 e5 2. Nf3 Nc6 3. Bb5 Nf6 4. d3 d6 5. c3 Be7 6. O-O O-O 7. h3 Re8 8. Nbd2 Bf8 9. Re1 a6 10. Ba4 b5 11. Bb3 Be6 12. Bxe6 Rxe6 13. Nf1 d5 14. Qe2 h6 15. Ng3 Qd7 16. Be3 Rd8 17. Rad1 g6 18. Bc1 Kh7 19. Qc2 Rd6 20. Rd2 dxe4 21. dxe4 Rxd2 22. Bxd2 Bc5 23. Bc1 Kg7 24. Qe2 Qd3 25. Qxd3 Rxd3 26. Kf1 Rd8 27. Ke2 a5 28. Bd2 a4 29. Rb1 Nd7 30. Ne1 Nb6 31. Nd3 Bd6 32. Nf1 Nc4 33. b3 axb3 34. axb3 Nxd2 35. Nxd2 Ra8 36. b4 Ra2 37. Rb2 Ra1 38. Nf1 f5 39. Ne3 fxe4 40. Ne1 Ne7 41. N1c2 Ra8 42. Rb3 Kf7 43. Ra3 Rxa3 44. Nxa3 c6 45. Nb1 Nd5 46. Nd1 c5 47. bxc5 Bxc5 48. Nd2 Nf4+ 49. Kf1 e3 50. fxe3 Nd5 51. Ke2 Nb6 52. Nb2 Ke6 53. Nd3 Be7 54. Nb2 Na4 55. Nd1 Kd5 56. e4+ Kc6 57. Kd3 Nc5+ 58. Kc2 Bg5 59. Nf3 Bf4 60. Nf2 h5 61. Nd3 Nxd3 62. Kxd3 Bg3 63. Ng1 Kd6 64. Ne2 Bf2 65. Nc1 Ba7 66. Kd2 Bb6 67. Nd3 Ba7 68. Kc2 Bb6 69. Kb2 Ba5 70. Kb3 h4 71. c4 bxc4+ 72. Kxc4 Bb6 73. Ne1 Ba7 74. Nf3 Bf2 75. Kd3 Ke6 76. Nd2 Bg3 77. Ke2 Bf4 78. Nc4 Kf6 79. Kf3 Bg3 80. Nb6 Be1 81. Nd5+ Kg5 82. Nb6 Ba5 83. Nd7 Bc7 84. Ke3 Bd6 85. Kf3 Bc7 86. Nc5 Bd6 87. Na4 Bb4 88. Nb6 Bd6 89. Nc4 Bc7 90. Nd2 Bd6 91. Nb3 Bb4 92. Nc1 Bc5 93. Nd3 Bd6 94. Nb2 Bc5 95. Nc4 Bd4 96. Nd6 Bb2 97. Nf7+ Kh5 98. Nd8 Kg5 99. Ne6+ Kh5 100. Ke2 Ba1 101. Kd3 g5 102. Ng7+ Kg6 103. Nf5 Kh5 104. Ne3 Bd4 105. Ng4 Kg6 106. Kc4 Ba1 107. Kd5 1-0

[Event "January 9 Late 2024"]
[Site "https://www.chess.com"]
[Date "2024.01.09"]
[Round "7"]
[White "Tang, Andrew"]
[Black "Hakobyan, Aram"]
[Result "0-1"]
[Board "15"]
[TimeControl "180+1"]
[WhiteFideId "2059630"]
[BlackFideId "13306677"]
[WhiteElo "2896"]
[BlackElo "3009"]
[WhiteTeam "USA"]
[BlackTeam "ARM"]
[WhiteClock "0:00:00"]
[BlackClock "0:01:01"]

1. d4 Nf6 2. Nf3 c5 3. d5 b5 4. c4 b4 5. Qc2 g6 6. e4 d6 7. h3 Bg7 8. Bf4 O-O 9. Bd3 e5 10. Be3 Nh5 11. Nbd2 Nf4 12. Bf1 a5 13. g3 Nh5 14. Be2 a4 15. Nf1 a3 16. b3 Nf4 17. O-O-O Nxe2+ 18. Qxe2 f5 19. h4 f4 20. Bd2 fxg3 21. fxg3 Bg4 22. N1h2 Qc8 23. Rdf1 Ra7 24. Qg2 Bh3 25. Qe2 Bxf1 26. Rxf1 Raf7 27. Ng5 Rxf1+ 28. Nxf1 Nd7 29. Ne6 Rf7 30. Nh2 Nf8 31. Ng5 Re7 32. h5 h6 33. Ngf3 Qh3 34. Be1 Rf7 35. Ng1 Qxh5 36. g4 Qg5+ 37. Bd2 Qh4 0-1

[Event "January 9 Late 2024"]
[Site "https://www.chess.com"]
[Date "2024.01.09"]
[Round "7"]
[White "Beerdsen, Thomas"]
[Black "Deac, Bogdan-Daniel"]
[Result "0-1"]
[Board "16"]
[TimeControl "180+1"]
[WhiteFideId "1030108"]
[BlackFideId "1226380"]
[WhiteElo "2860"]
[BlackElo "3005"]
[WhiteTeam "NED"]
[BlackTeam "ROU"]
[WhiteClock "0:01:55"]
[BlackClock "0:00:50"]

1. e4 e5 2. Nc3 Nf6 3. f4 d5 4. fxe5 Nxe4 5. Nf3 Bg4 6. Bd3 Nc5 7. Be2 Ne6 8. O-O Bxf3 9. Bxf3 Bc5+ 10. Kh1 c6 11. Ne2 d4 12. Ng3 Nd7 13. Be4 Nxe5 14. d3 g6 15. Bh6 Qh4 16. Bd2 Bd6 17. Be1 Ng4 18. h3 Ne3 19. Qe2 Bxg3 20. Bxg3 Qxg3 21. Rf3 Qc7 22. c3 O-O 23. cxd4 Nd5 24. Raf1 Nxd4 0-1

[Event "January 9 Late 2024"]
[Site "https://www.chess.com"]
[Date "2024.01.09"]
[Round "7"]
[White "Chigaev, Maksim"]
[Black "Badmatsyrenov, Oleg"]
[Result "1-0"]
[Board "17"]
[TimeControl "180+1"]
[WhiteFideId "4108116"]
[BlackFideId "24115762"]
[WhiteElo "2983"]
[BlackElo "2803"]
[WhiteTeam "ESP"]
[BlackTeam "FID"]
[WhiteClock "0:00:58"]
[BlackClock "0:00:00"]

1. c4 Nf6 2. g3 c6 3. Nf3 d5 4. Bg2 Bf5 5. Qb3 Qb6 6. d3 e6 7. Be3 Qc7 8. O-O h6 9. cxd5 Nxd5 10. Bd2 Bg4 11. Nc3 Nd7 12. Rac1 Qb6 13. Qc2 Be7 14. a3 a5 15. Nxd5 exd5 16. Be3 Qa6 17. h3 Bxf3 18. Bxf3 O-O 19. Bg2 Bf6 20. Bd2 Rfe8 21. e4 dxe4 22. dxe4 Ne5 23. Bc3 Qd3 24. f4 Qe3+ 25. Kh2 Nd3 26. Rcd1 Rad8 27. Rf3 Ne1 28. Rxe1 Qc5 29. e5 Be7 30. f5 Bg5 31. Qf2 1-0

[Event "January 9 Late 2024"]
[Site "https://www.chess.com"]
[Date "2024.01.09"]
[Round "7"]
[White "Anton Guijarro, David"]
[Black "Bellahcene, Bilel"]
[Result "1/2-1/2"]
[Board "18"]
[TimeControl "180+1"]
[WhiteFideId "2285525"]
[BlackFideId "696358"]
[WhiteElo "2981"]
[BlackElo "2610"]
[WhiteTeam "ESP"]
[BlackTeam "ALG"]
[WhiteClock "0:00:09"]
[BlackClock "0:00:07"]

1. Nf3 Nf6 2. d4 e6 3. Bg5 d5 4. Nbd2 Nbd7 5. e3 Be7 6. Bd3 b6 7. c3 Bb7 8. Ne5 Nxe5 9. dxe5 Nd7 10. Bxe7 Qxe7 11. f4 a5 12. Qg4 f5 13. exf6 gxf6 14. Qh5+ Qf7 15. Qxf7+ Kxf7 16. Kf2 Nc5 17. Bc2 Ba6 18. Nb3 Nd3+ 19. Bxd3 Bxd3 20. Rhd1 Bc2 21. Rdc1 Be4 22. Nd2 Bd3 23. c4 c5 24. b3 Rhd8 25. Rc3 Bg6 26. Nf3 a4 27. Rd1 axb3 28. axb3 Ra2+ 29. Rd2 Rxd2+ 30. Nxd2 d4 31. exd4 cxd4 32. Rc1 e5 33. Re1 Ke6 34. fxe5 fxe5 35. Nf3 e4 36. Ng5+ Ke5 37. Rxe4+ Kf6 38. Ne6 Ra8 39. Re1 Ra2+ 40. Kg3 d3 41. Nf4 d2 42. Rd1 Ke5 43. Nxg6+ hxg6 44. Kf3 Kd4 45. Ke2 Kc3 46. h4 Rc2 47. g4 Kxb3 48. Rxd2 Rxc4 49. Kf3 Rc6 50. Rd5 Kc4 51. Rd1 Kb3 52. Rb1+ Ka4 53. h5 gxh5 54. gxh5 b5 55. Ra1+ Kb3 56. Rb1+ Ka4 57. Ra1+ Kb3 58. Rh1 Rh6 59. Kf4 b4 60. Kg5 Rh8 61. h6 Ka2 62. Rh2+ Ka3 63. h7 b3 64. Kg6 b2 65. Rxb2 Kxb2 66. Kg7 Rxh7+ 67. Kxh7 1/2-1/2

[Event "January 9 Late 2024"]
[Site "https://www.chess.com"]
[Date "2024.01.09"]
[Round "7"]
[White "Sanal, Vahap"]
[Black "Naroditsky, Daniel"]
[Result "1/2-1/2"]
[Board "19"]
[TimeControl "180+1"]
[WhiteFideId "6300545"]
[BlackFideId "2026961"]
[WhiteElo "2927"]
[BlackElo "3139"]
[WhiteTeam "TUR"]
[BlackTeam "USA"]
[WhiteClock "0:00:04"]
[BlackClock "0:00:01"]

1. e4 c5 2. Nf3 d6 3. Bb5+ Nd7 4. c3 Nf6 5. Qe2 a6 6. Ba4 b5 7. Bc2 Bb7 8. d4 e5 9. d5 g6 10. O-O Bg7 11. b3 O-O 12. c4 Nb6 13. Nc3 b4 14. Nd1 a5 15. Bb2 a4 16. Rb1 axb3 17. axb3 Ra2 18. Ne1 Nh5 19. g3 Bc8 20. Ng2 Bh3 21. f3 Qd7 22. Nf2 Bxg2 23. Kxg2 Rfa8 24. Nd3 Nf6 25. Rbe1 h5 26. Bb1 R2a7 27. f4 exf4 28. gxf4 Qg4+ 29. Qxg4 Nxg4 30. Bxg7 Kxg7 31. e5 Ra3 32. h3 Nh6 33. exd6 Rxb3 34. Nxc5 Rc3 35. d7 Rxc4 36. Re8 Nxd7 37. Ne6+ fxe6 38. Rxa8 Nc5 39. d6 Nf7 40. Rd1 Rxf4 41. d7 Nb7 42. Bc2 Nbd8 43. Ba4 Rc4 44. Re1 Kf6 45. Rf1+ Ke7 46. Rxf7+ Nxf7 47. Re8+ Kd6 48. d8=Q+ Nxd8 49. Rxd8+ Ke5 50. Rg8 Kf6 51. Be8 Rc2+ 52. Kg3 Rc3+ 53. Kg2 Rc2+ 54. Kf3 Rc3+ 55. Ke2 b3 56. Bxg6 Rg3 57. Bh7 Rxh3 58. Bd3 b2 59. Rb8 Ke5 60. Kd2 Rh2+ 61. Kc3 h4 62. Rxb2 Rxb2 63. Kxb2 h3 64. Bf1 h2 65. Bg2 Kd4 66. Kc2 Ke3 67. Bh1 e5 68. Kc3 e4 69. Kc2 Kf2 70. Bxe4 h1=Q 71. Bxh1 1/2-1/2

[Event "January 9 Late 2024"]
[Site "https://www.chess.com"]
[Date "2024.01.09"]
[Round "7"]
[White "Hess, Robert"]
[Black "Oparin, Grigoriy"]
[Result "0-1"]
[Board "20"]
[TimeControl "180+1"]
[WhiteFideId "2022036"]
[BlackFideId "24125890"]
[WhiteElo "2913"]
[BlackElo "3055"]
[WhiteTeam "USA"]
[BlackTeam "USA"]
[WhiteClock "0:00:10"]
[BlackClock "0:00:48"]

1. c4 Nf6 2. Nc3 e5 3. g3 Bb4 4. Bg2 O-O 5. Nf3 Bxc3 6. dxc3 e4 7. Nd4 h6 8. O-O d6 9. a4 a5 10. h3 Na6 11. Be3 Re8 12. b3 b6 13. Qc2 Bb7 14. Nf5 Bc8 15. Nd4 Qd7 16. Rad1 Bb7 17. g4 Nc5 18. Nf5 Ne6 19. Qc1 Nh7 20. Bxb6 cxb6 21. Nxd6 Red8 22. Nxe4 Qc7 23. e3 Rxd1 24. Rxd1 Rd8 25. Qc2 Rxd1+ 26. Qxd1 Nf6 27. Nxf6+ gxf6 28. Bd5 Kg7 29. b4 Bc8 30. Qb3 Bd7 31. c5 bxc5 32. b5 Qb6 33. c4 Nc7 34. e4 Be6 35. f4 Bxd5 36. exd5 Nxd5 37. Qf3 Ne7 38. Qe4 Qe6 39. Qxe6 fxe6 40. Kf2 Nc8 41. Ke3 Nb6 42. Kd3 Nxa4 43. Kc2 Nb6 44. Kb3 e5 0-1

[Event "January 9 Late 2024"]
[Site "https://www.chess.com"]
[Date "2024.01.09"]
[Round "7"]
[White "Christiansen, Johan-Sebastian"]
[Black "Grischuk, Alexander"]
[Result "0-1"]
[Board "21"]
[TimeControl "180+1"]
[WhiteFideId "1512668"]
[BlackFideId "4126025"]
[WhiteElo "2905"]
[BlackElo "3047"]
[WhiteTeam "NOR"]
[BlackTeam "RUS"]
[WhiteClock "0:01:04"]
[BlackClock "0:01:11"]

1. e4 e5 2. Nf3 Nc6 3. d4 exd4 4. Nxd4 Qf6 5. Ne2 Bb4+ 6. Nbc3 Nge7 7. a3 Ba5 8. Be3 O-O 9. b4 Bb6 10. Bxb6 axb6 11. Nd5 Nxd5 12. exd5 Nxb4 13. c3 Na6 14. Qd4 Qe7 15. d6 cxd6 16. O-O-O d5 17. Kb2 Nc7 18. Qb4 Qc5 19. Nf4 d6 20. Nd3 Qc6 21. h4 Be6 22. Qd4 Nb5 23. Qf4 Qxc3+ 0-1

[Event "January 9 Late 2024"]
[Site "https://www.chess.com"]
[Date "2024.01.09"]
[Round "7"]
[White "Kadric, Denis"]
[Black "Pranav, V"]
[Result "0-1"]
[Board "22"]
[TimeControl "180+1"]
[WhiteFideId "14403803"]
[BlackFideId "25060783"]
[WhiteElo "2891"]
[BlackElo "3032"]
[WhiteTeam "MNE"]
[BlackTeam "IND"]
[WhiteClock "0:00:10"]
[BlackClock "0:00:37"]

1. e4 e5 2. Nf3 Nc6 3. Bc4 Nf6 4. d3 h6 5. a4 d6 6. Nc3 g6 7. a5 a6 8. h3 Bg7 9. Be3 O-O 10. g4 Kh7 11. g5 Nh5 12. gxh6 Bxh6 13. Bxh6 Kxh6 14. Qd2+ Kg7 15. Nd5 Be6 16. O-O-O Bxd5 17. Bxd5 Nf4 18. d4 Qf6 19. Bxc6 bxc6 20. dxe5 dxe5 21. Kb1 Rab8 22. Qc3 Rb5 23. Rd7 Rfb8 24. b3 Ne6 25. Nd2 Rc5 26. Qf3 Rxa5 27. Qxf6+ Kxf6 28. h4 Rc5 29. Rh3 Nd4 30. c4 Rc8 31. b4 Rb8 32. Rxc7 Rxb4+ 33. Kc1 Ra5 0-1

[Event "January 9 Late 2024"]
[Site "https://www.chess.com"]
[Date "2024.01.09"]
[Round "7"]
[White "Caruana, Fabiano"]
[Black "Livaic, Leon"]
[Result "1-0"]
[Board "23"]
[TimeControl "180+1"]
[WhiteFideId "2020009"]
[BlackFideId "14531534"]
[WhiteElo "3014"]
[BlackElo "2892"]
[WhiteTeam "USA"]
[BlackTeam "CRO"]
[WhiteClock "0:00:03"]
[BlackClock "0:00:00"]

1. c4 Nf6 2. Nc3 g6 3. g3 Bg7 4. Bg2 O-O 5. Nf3 d6 6. O-O e5 7. d3 Nc6 8. Rb1 a5 9. a3 h6 10. b4 axb4 11. axb4 Be6 12. b5 Ne7 13. Ne1 Rb8 14. Nc2 Qd7 15. e4 Bh3 16. f4 Bxg2 17. Kxg2 exf4 18. Bxf4 Nh7 19. Bd2 Ng5 20. Bxg5 hxg5 21. d4 f5 22. h3 Rbe8 23. Qd3 c6 24. Rbe1 Kh8 25. Re2 fxe4 26. Rxf8+ Rxf8 27. Nxe4 d5 28. Nc5 Qf5 29. Qxf5 Nxf5 30. cxd5 cxd5 31. Nxb7 Rb8 32. Nc5 Rxb5 33. Ne6 Bf6 34. g4 Nd6 35. Ne3 Nc4 36. Nc7 Nxe3+ 37. Rxe3 Rb2+ 38. Kf3 Bxd4 39. Re8+ Kh7 40. Nxd5 Rb3+ 41. Ke4 Bg7 42. Re7 Rxh3 43. Nf6+ Kh6 44. Ng8+ Kh7 45. Nf6+ Kh6 46. Ne8 Rh1 47. Kf3 Bf8 48. Rd7 Rf1+ 49. Kg2 Rf4 50. Kg3 Rf1 51. Nc7 Bg7 52. Ne6 Be5+ 53. Kg2 Rf6 54. Nd8 Rd6 55. Nf7+ 1-0

[Event "January 9 Late 2024"]
[Site "https://www.chess.com"]
[Date "2024.01.09"]
[Round "7"]
[White "Paravyan, David"]
[Black "Schroeder, Jan-Christian"]
[Result "1/2-1/2"]
[Board "24"]
[TimeControl "180+1"]
[WhiteFideId "4194985"]
[BlackFideId "24662259"]
[WhiteElo "3014"]
[BlackElo "2844"]
[WhiteTeam "FID"]
[BlackTeam "GER"]
[WhiteClock "0:00:07"]
[BlackClock "0:00:17"]

1. e4 e5 2. Nf3 Nc6 3. Bc4 Nf6 4. d3 Bc5 5. c3 O-O 6. a4 a6 7. O-O d6 8. Nbd2 Ba7 9. h3 Re8 10. b4 Be6 11. Bxe6 Rxe6 12. Re1 d5 13. Qc2 d4 14. Bb2 Nh5 15. b5 dxc3 16. Bxc3 Nd4 17. Bxd4 Bxd4 18. Nxd4 Qxd4 19. Nf3 Qd7 20. Rac1 axb5 21. axb5 Rc8 22. g3 Qxb5 23. d4 Qd7 24. dxe5 Rc6 25. Qb3 Rxc1 26. Rxc1 Qxh3 27. Ng5 Qd7 28. e6 fxe6 29. Nxe6 Qf7 30. Rc3 c6 31. Rf3 Nf6 32. e5 Re8 33. exf6 Rxe6 34. fxg7 Rf6 35. Re3 Qxb3 36. Rxb3 Rf7 37. f4 Kxg7 38. Kg2 Rc7 39. Rb6 c5 40. Kf3 c4 41. Ke2 c3 42. Kd1 c2+ 43. Kc1 h5 44. Rb5 Kh6 45. Rb6+ Kg7 46. Rb5 Kh6 47. Rb6+ Kg7 1/2-1/2

[Event "January 9 Late 2024"]
[Site "https://www.chess.com"]
[Date "2024.01.09"]
[Round "7"]
[White "Gokerkan, Cem Kaan"]
[Black "Svane, Rasmus"]
[Result "1-0"]
[Board "25"]
[TimeControl "180+1"]
[WhiteFideId "6336760"]
[BlackFideId "4657101"]
[WhiteElo "2828"]
[BlackElo "3004"]
[WhiteTeam "TUR"]
[BlackTeam "GER"]
[WhiteClock "0:00:25"]
[BlackClock "0:00:00"]

1. e4 c6 2. d4 d5 3. e5 Bf5 4. h4 h5 5. c4 e6 6. Nc3 Nd7 7. cxd5 cxd5 8. Bd3 Ne7 9. Bg5 Bxd3 10. Qxd3 Qb6 11. Nf3 Nc6 12. O-O Bb4 13. Ne2 Be7 14. Bxe7 Nxe7 15. Nf4 g6 16. Rac1 O-O 17. Rc3 Rac8 18. Rfc1 Qxb2 19. Rxc8 Rxc8 20. Rxc8+ Nxc8 21. Nxg6 Kg7 22. Ng5 Qc1+ 23. Kh2 fxg6 24. Qf3 Qxg5 25. hxg5 Ne7 26. Qa3 Nc6 27. Qd6 Nf8 28. Qc7+ Kg8 29. Qxb7 Nxd4 30. Qxa7 Nc6 31. Qc7 Nb4 32. a3 Nd3 33. a4 Nxf2 34. a5 d4 35. a6 d3 36. Qd6 1-0